Map: Abyssal Reef LE

Players

Winthrowe - Winner!

  • Race: Terran Terran
  • Spawn Location: 5:00

A.I. 1 (Very Easy)

  • Race: Zerg Zerg
  • Spawn Location: 11:00

VOD

Have the link to the VOD?

Description

Time

  • Played on: Aug. 16, 2017, 10:58 p.m.
  • Length: 13:00
Show
View Real Time Build Order
Export as new Build Order

Winthrowe Terran - Winner!

Build Orders: MMM Bio 

Get SALT Encoding   

  12  0:14  Supply Depot  
  12  0:16  SCV  
  13  0:28  SCV  
  14  0:40  SCV, Barracks  
  15  0:53  SCV  
  16  1:03  Refinery  
  16  1:05  SCV  
  17  1:48  SCV  
  17  1:51  Command Center  
  18  2:08  Refinery  
  18  2:23  SCV  
  19  2:35  SCV  
  20  2:45  Factory  
  20  2:48  SCV  
  21  3:00  SCV  
  22  3:12  SCV  
  23  3:21  SCV  
  23  3:23  Ghost Academy  
  23  3:26  SCV  
  25  3:33  SCV  
  26  3:38  SCV  
  27  3:45  SCV, Refinery  
  27  3:46  Refinery  
  28  3:50  SCV  
  29  3:57  Starport, SCV  
  29  4:02  SCV  
  31  4:09  SCV  
  32  4:10  Barracks Tech Lab  
  32  4:14  SCV  
  32  4:16  Barracks  
  33  4:30  Combat Shields  
  33  4:44  Starport Tech Lab  
  33  4:58  Marauder  
  35  5:10  Barracks Reactor  
  35  5:17  Cyclone  
  38  5:32  Supply Depot  
  38  5:38  Personal Cloaking  
  38  5:49  Stimpack  
  38  5:54  Supply Depot, Marauder  
  38  5:55  Marine x2  
  42  6:13  Marine x2  
  42  6:14  Ghost  
  42  6:17  Supply Depot, Factory Tech Lab  
  46  6:30  Marine  
  46  6:31  Marine  
  48  6:35  Banshee  
  51  6:43  Ghost  
  53  6:48  Marine  
  53  6:49  Marine  
  55  6:55  Supply Depot  
  55  7:01  Liberator  
  55  7:19  Supply Depot  
  58  7:23  Command Center  
  58  7:42  Supply Depot  
  58  7:50  Concussive Shells  
  58  8:00  Medivac  
  58  8:01  Marine, Marauder  
  58  8:02  Marine  
  64  8:06  Cyclone  
  67  8:19  Marine  
  68  8:20  Marine  
  68  8:22  Marauder  
  71  8:30  Medivac  
  73  8:37  Marine x2  
  73  8:38  Cyclone  
  78  8:43  Marauder  
  80  8:55  Marine x2  
  81  9:00  Viking  
  84  9:05  Marauder  
  84  9:09  Unknown  
  86  9:10  Cyclone  
  89  9:26  Marauder  
  91  9:42  Marine x2  
  91  9:43  Cyclone  
  96  9:48  Viking, Marauder  
  100  10:00  Marine  
  101  10:22  Supply Depot  
  101  10:28  Orbital Command  
  101  10:34  Orbital Command  
  101  10:43  Marine, Medivac, Cyclone  
  101  10:44  Marauder  
  101  10:45  Supply Depot  
  101  10:46  Supply Depot  
  109  11:07  Marine x2, Marauder  
  109  11:08  Supply Depot  
  109  11:09  Supply Depot  
  113  11:13  Medivac  
  113  11:15  Cyclone  
  118  11:25  Marine x2  
  120  11:29  Marauder  
  120  11:30  Supply Depot  
  120  11:32  Supply Depot  
  122  11:42  Marine x2  
  122  11:43  Viking, Unknown  
  126  11:48  Cyclone  
  126  11:50  Marauder  
  131  11:54  Supply Depot  
  131  12:00  Marine  
  132  12:04  Marine  
  133  12:11  Marauder  
  133  12:13  Viking  
  137  12:18  Marine  
  137  12:20  Cyclone  
  137  12:22  Marine  
  142  12:33  Marauder  
  142  12:36  Marine, Unknown  
  142  12:39  Marine  
  146  12:52  Unknown  
Show
View Real Time Build Order
Export as new Build Order

A.I. 1 (Very Easy) Zerg 

Build Orders: Pool First 

Get SALT Encoding   

  12  0:01  Drone  
  13  0:12  Overlord  
  13  0:17  Drone  
  14  0:36  Spawning Pool  
  14  0:37  Extractor  
  14  0:40  Drone  
  13  0:47  Drone  
  14  0:53  Overlord  
  14  1:23  Zergling x2  
  14  1:24  Queen  
  17  1:34  Roach Warren  
  17  1:36  Drone  
  17  1:40  Extractor  
  17  1:45  Drone  
  17  1:50  Zergling x2  
  18  2:04  Drone  
  19  2:11  Drone  
  20  2:17  Zergling x2  
  20  2:19  Drone  
  22  2:30  Overlord  
  22  2:34  Drone  
  23  2:41  Drone  
  24  2:45  Roach  
  24  2:48  Drone  
  27  6:26  Zergling x2  
  27  7:14  Drone  
  27  7:15  Overlord, Roach, Lair  
  30  7:21  Drone  
  31  7:23  Hatchery  
  31  7:28  Drone  
  31  7:51  Roach  
  28  8:12  Overseer x2  
  28  8:26  Zergling x2  
  29  8:36  Drone  
  29  8:40  Extractor  
  29  8:43  Drone  
  29  8:44  Extractor  
  29  8:50  Drone  
  30  8:57  Drone  
  30  9:02  Roach  
  33  9:04  Drone  
  34  9:12  Drone  
  30  9:19  Drone  
  30  9:26  Drone  
  30  9:31  Zergling x2  
  30  9:33  Drone  
  24  9:41  Drone  
  25  9:48  Drone  
  25  9:55  Drone  
  25  9:59  Roach  
  28  10:02  Drone  
  28  10:09  Drone  
  29  10:16  Drone  
  30  10:24  Drone  
  30  10:28  Roach  
  33  10:29  Hatchery  
  33  10:31  Drone  
  33  10:36  Extractor  
  33  10:38  Drone  
  33  10:46  Extractor, Drone  
  33  10:53  Drone  
  33  10:56  Zergling x2  
  35  11:00  Drone  
  36  11:07  Drone  
  36  11:09  Overlord  
  37  11:15  Drone  
  38  11:22  Drone  
  39  11:29  Drone  
  40  11:33  Roach  
  40  11:36  Drone  
  43  11:44  Drone  
  41  11:48  Queen  
  41  11:50  Overseer  
  41  11:51  Drone  
  32  11:58  Drone  
  19  12:01  Zergling x2  
  19  12:05  Drone  
  21  12:12  Drone  
  22  12:20  Drone  
  22  12:27  Drone  
  23  12:30  Zergling x2  
  23  12:31  Roach Warren  
  22  12:38  Drone  
  22  12:39  Overseer  
Tags
 
Composition
MMM Bio
Matchup
TvZ
Opening
Pool First
Spawn Locations
Cross Positions
Add a new tag
Caveats
  • Supply blocks, unpowered buildings, or Contaminate may cause inaccurate times.
  • Supply counts are checked every 10 seconds.